 Dungeon Crawl Stone Soup version 0.28-a0-1347-g113dc556a4 (webtiles) character file.

Game seed: 4201283355998898551

49 browni3141 the Chopper (level 3, -2/29 HPs)
             Began as a Ghoul Gladiator on Dec 29, 2021.
             Killed from afar by Ijyb (5 damage)
             ... with a puff of flame
             ... on level 3 of the Dungeon.
             The game lasted 00:01:44 (1551 turns).

browni3141 the Chopper (Ghoul Gladiator)            Turns: 1551, Time: 00:01:45

Health: -2/29      AC:  7    Str: 19    XL:     3   Next: 75%
Magic:  2/2        EV: 10    Int:  3    God:
Gold:   58         SH:  0    Dex: 10    Spells: 2/2 levels left

rFire   . . .      SeeInvis .   a - +0 war axe
rCold   + . .      Faith    .   (no shield)
rNeg    + + +      Spirit   .   h - +0 scale mail
rPois   ∞          Reflect  .   c - +0 helmet
rElec   .          Harm     .   (no cloak)
rCorr   .          Rampage  .   (no gloves)
Will    .....                   (no boots)
Stlth   ..........              (no amulet)
HPRegen 0.00/turn               (no ring)
MPRegen 0.08/turn               (no ring)

@: inhibited regen
A: claws 1, cold resistance 1, negative energy resistance 3, inhibited
regeneration, torment resistance 2
a: no special abilities


You were on level 3 of the Dungeon.
You visited 1 branch of the dungeon, and saw 3 of its levels.

You collected 58 gold pieces.

Inventory:

Hand Weapons
 a - a +0 war axe (weapon)
Armour
 b - a +0 leather armour
 c - a +0 helmet (worn)
 f - a +0 ring mail
 h - a +0 scale mail (worn)
Scrolls
 e - a scroll of brand weapon {unknown}
 g - a scroll of fear {unknown}
Potions
 i - a potion of brilliance {unknown}


   Skills:
 - Level 2.2 Fighting
 * Level 3.7 Axes
 - Level 1.8 Throwing
 - Level 2.7 Dodging
 + Level 2.0 Stealth


You had 2 spell levels left.
You didn't know any spells.
Your spell library contained the following spells:

 Spells                   Type           Power      Damage    Failure   Level
 Blink                    Tloc           0%         N/A       96%         2
 Dazzling Flash           Conj/Hex       0%         N/A       99%         3
 Lesser Beckoning         Tloc           0%         N/A       99%         3
 Iskenderun's Mystic Bla  Conj/Tloc      0%         2d3       100%        4
 Manifold Assault         Tloc           0%         N/A       100%        5
 Starburst                Conj/Fire      0%         6d3       100%        6


Dungeon Overview and Level Annotations

Branches:
Dungeon (2/15)

Altars:

Shops:
D:3 (

Annotations:
D:3 Ijyb


Innate Abilities, Weirdness & Mutations

You thrive by killing the living.
You are immune to poison.
You have sharp fingernails.
Your flesh is cold resistant. (rC+)
You are immune to negative energy. (rN+++)
You do not regenerate when monsters are visible.
You are immune to unholy pain and torment.


Message History

Ijyb zaps a wand.
The puff of flame hits you.
Your Stealth skill increases to level 2!
Throw: 3 throwing nets
Press: ? - help, Q - select action Shift-Dir - straight line, f - Ijyb
Aim: Ijyb, wielding a +0 club, wearing a +0 leather armour and carrying a wand of flame (9) (47% to hit)
You throw a throwing net. The throwing net barely misses Ijyb.
The throwing net closely misses the rat.
Ijyb hits you but does no damage.
Throw: 2 throwing nets
Press: ? - help, Q - select action Shift-Dir - straight line, f/p - Ijyb
Aim: Ijyb, wielding a +0 club, wearing a +0 leather armour and carrying a wand of flame (9) (47% to hit)
You throw a throwing net. The throwing net closely misses Ijyb.
The throwing net closely misses the rat.
Throw: throwing net
Press: ? - help, Q - select action Shift-Dir - straight line, f/p - Ijyb
Aim: Ijyb, wielding a +0 club, wearing a +0 leather armour and carrying a wand of flame (9) (47% to hit)
You throw a throwing net. The throwing net barely misses Ijyb.
The throwing net hits the rat.
The rat is caught in the net!
Ijyb closely misses you.
The rat struggles against the net.
You slash Ijyb!
Ijyb is heavily wounded.
Ijyb closely misses you.
The rat struggles against the net.
Ijyb zaps a wand.
The puff of flame hits you but does no damage.
You completely miss Ijyb.
Ijyb is moderately wounded.
The rat struggles against the net.
Ijyb hits you with a +0 club.
You slash Ijyb!
Ijyb is severely wounded.
The rat struggles against the net.
Ijyb zaps a wand.
The puff of flame hits you.
* * * LOW HITPOINT WARNING * * *
The rat struggles against the net.
The net rips apart, and the rat comes free!
You closely miss Ijyb.
Ijyb is severely wounded.
Ijyb hits you with a +0 club.
* * * LOW HITPOINT WARNING * * *
Ijyb zaps a wand.
The puff of flame hits you.
You die...

#.#.# ##.#.#
#..#.# #.##.#
#.##.# #.##.#
#.##.# #<##.#
#@##.# #
.#.#####g##.g..
.....B..r...r...
##......(...#.##
############


You could see Ijyb and a rat.

Vanquished Creatures
  An adder (D:3)
  An orc (D:3)
  5 endoplasms
  2 giant cockroaches
  4 goblins
  3 hobgoblins
  3 ball pythons (D:1)
  6 bats (D:1)
  7 kobolds
  6 rats
38 creatures vanquished.

Notes
Turn   | Place    | Note
-------+----------+-------------------------------------------
     0 | D:1      | browni3141 the Ghoul Gladiator began the quest for the Orb.
     0 | D:1      | Reached XP level 1. HP: 17/17 MP: 0/0
   140 | D:1      | Reached skill level 3 in Axes
   140 | D:1      | Reached XP level 2. HP: 15/24 MP: 1/1
   390 | D:1      | Reached skill level 1 in Stealth
  1004 | D:1      | Reached XP level 3. HP: 26/29 MP: 2/2
  1234 | D:2      | You fall into a shaft and drop 1 floor!
  1421 | D:3      | Found Wyock's Weapon Shop.
  1533 | D:3      | Noticed Ijyb
  1551 | D:3      | Killed from afar by Ijyb

Illustrated notes

Levels and vault maps discovered:
D:1:      matt_arrival_refuge, layout_loops_cross
D:2:      layout_loops_cross, minmay_misc_feat_x, hex_medium, uniq_terence,
          uniq_natasha
D:3:      layout_loops_ring, serial_shops, nicolae_shop_bloodbath_and_beyond,
          solitary_fountain, uniq_ijyb

Skill      XL: |  1  2  3 |
---------------+----------+-----
Axes           | 3 |  3.7
Stealth        | 1 2 |  2.0
Fighting       | |  2.2
Throwing       | |  1.8
Dodging        | |  2.7

Action                   || total
-------------------------++-------
Melee: War axe           ||   116
Throw: Throwing net      ||     3
 Stab: Sleeping          ||     1
Armor: Leather armour    ||    26
       Ring mail         ||    12
       Scale mail        ||    17
Dodge: Dodged            ||    84

Table legend: (Time is in decaauts)
 A = Elapsed time spent in this place.
 B = Non-inter-level travel time spent in this place.
 C = Inter-level travel time spent in this place.
 D = Time resting spent in this place.
 E = Time spent auto-exploring this place.
 F = Levels seen in this place.
 G = Mean time per level.
                   A        B        C        D        E       F      G
               +--------+--------+--------+--------+--------+-----+--------+
         Total |   1589 |   1537 |     52 |      0 |   1216 |   3 |  529.7 |
       Dungeon |   1589 |   1537 |     52 |      0 |   1216 |   3 |  529.7 |
               +--------+--------+--------+--------+--------+-----+--------+

Top non-repeatable levels by time:
     D:1: 1221 daAuts
     D:3: 331 daAuts
     D:2: 37 daAuts
